 Dungeon Crawl Stone Soup version 0.24-a0-459-g225fefd530 (webtiles) character file.

Game seed: 12126046233441044030

91 vurker the Skirmisher (level 4, -5/37 HPs)
             Began as a Mummy Fighter on June 28, 2019.
             Slain by Sigmund
             ... wielding a +1 scythe of venom
              (6 damage)
             ... on level 2 of the Dungeon.
             The game lasted 00:02:17 (1533 turns).

vurker the Skirmisher (Mummy Fighter)               Turns: 1533, Time: 00:02:18

Health: -5/37      AC:  6    Str: 20    XL:     4   Next: 34%
Magic:  4/4        EV:  9    Int:  7    God:
Gold:   73         SH:  8    Dex: 11    Spells: 3/3 levels left

rFire    x . .     SeeInvis .   a - +0 war axe
rCold    + . .     Gourm    .   c - +0 shield
rNeg     + + +     Faith    .   b - +0 scale mail
rPois    ∞         Spirit   .   (no helmet)
rElec    .         Reflect  .   (no cloak)
rCorr    .         Harm     .   (no gloves)
MR       .....                  (no boots)
Stlth    ..........             (no amulet)
HPRegen  0.12/turn              f - +2 ring of evasion
MPRegen  0.09/turn              (no ring)

@: no status effects
A: no food or potions, fire vulnerability, cold resistance 1, negative energy
resistance 3, torment resistance, unbreathing
a: no special abilities


You were on level 2 of the Dungeon.
You were not hungry.

You visited 1 branch of the dungeon, and saw 2 of its levels.

You collected 73 gold pieces.

Inventory:

Hand Weapons
 a - a +0 war axe (weapon)
Armour
 b - a +0 scale mail (worn)
 c - a +0 shield (worn)
Jewellery
 f - a +2 ring of evasion (left hand)
   (You found it on level 1 of the Dungeon)
Scrolls
 d - 6 scrolls of remove curse {unknown}
 e - a scroll of noise {unknown}
 g - a scroll of identify {unknown}
 h - a scroll of amnesia {unknown}
 i - a scroll of magic mapping {unknown}


   Skills:
 + Level 3.8 Fighting
 * Level 3.2 Axes
 - Level 2.4 Armour
 - Level 2.4 Shields


You had 3 spell levels left.
You didn't know any spells.
Your spell library contained the following spells:

 Spells                   Type           Power        Failure   Level  Hunger
 Confusing Touch          Hex            #.....       100%        1    N/A
 Confuse                  Hex            #.......     100%        3    N/A
 Gell's Gravitas          Tloc           #.........   100%        3    N/A
 Petrify                  Tmut/Erth      #.......     100%        4    N/A
 Metabolic Englaciation   Hex/Ice        #.........   100%        5    N/A
 Yara's Violent Unravell  Hex/Tmut       #.........   100%        5    N/A

Dungeon Overview and Level Annotations

Branches:
Dungeon (2/15)

Altars:
Makhleb

Annotations:
D:2 1 runed translucent door, Crazy Yiuf, Sigmund


Innate Abilities, Weirdness & Mutations

You do not eat or drink.
Your flesh is vulnerable to fire.
You are immune to poison.
Your flesh is cold resistant. (rC+)
You are immune to negative energy. (rN+++)
You are immune to unholy pain and torment.
You can survive without breathing.


Message History

You barely miss something.
You hear some strange, mumbled words.
You are confused.
You miss something. Something hits you!
You bump into the rock wall.
You hear some strange, mumbled words.
Something tries to affect you, but you resist.
You bump into the rock wall.
Something hits you but does no damage.
You bump into the rock wall.
Something hits you.
You bump into the rock wall.
You miss something.
You feel less confused. Something hits you.
You miss something.
You hear some strange, mumbled words.
A puff of flame appears from out of thin air!
The puff of flame hits you. The fire burns you terribly!
* * * LOW HITPOINT WARNING * * *
You barely miss something. Something hits you.
* * * LOW HITPOINT WARNING * * *
You closely miss something. Something hits you but does no damage.
You closely miss something. Something hits you but does no damage.
You closely miss something. Something hits you.
* * * LOW HITPOINT WARNING * * *
You miss something. Something hits you but does no damage.
You closely miss something. Something hits you!
* * * LOW HITPOINT WARNING * * *
You closely miss something. Something hits you but does no damage.
You barely miss something.
You hear some strange, mumbled words.
A puff of flame appears from out of thin air!
The puff of flame hits you but does no damage.
You closely miss something.
You hear some strange, mumbled words.
A magic dart appears from out of thin air!
The magic dart hits you.
* * * LOW HITPOINT WARNING * * *
Your shield and scale mail prevent you from hitting something.
Something hits you.
You die...

........#
........#
........#
........#
........#
........# ###
.....#### #.#
####.# #.#######
...#.# #..@{...#
#.##.# #.###.###
#.##.# #.# #
#.##.# #.#
#.##.# #.#
#.##.#########.#
#..............#
####.###########
# #.#


There were no monsters in sight!

Vanquished Creatures
  Jessica (D:2)
  2 adders (D:2)
  2 dart slugs (D:1)
  A leopard gecko (D:1)
  2 giant cockroaches
  5 goblins
  4 hobgoblins
  8 jackals (D:1)
  9 bats
  7 frilled lizards (D:1)
  A kobold (D:1)
  A rat (D:2)
43 creatures vanquished.

Notes
Turn   | Place    | Note
-------+----------+-------------------------------------------
     0 | D:1      | vurker the Mummy Fighter began the quest for the Orb.
     0 | D:1      | Reached XP level 1. HP: 18/18 MP: 1/1
    33 | D:1      | Reached XP level 2. HP: 18/24 MP: 2/2
   508 | D:1      | Reached XP level 3. HP: 28/29 MP: 3/3
   780 | D:2      | Found a burning altar of Makhleb.
  1071 | D:2      | Found a runed translucent door.
  1072 | D:2      | Noticed Crazy Yiuf
  1199 | D:2      | Noticed Jessica
  1207 | D:2      | Killed Jessica
  1207 | D:2      | Reached XP level 4. HP: 36/37 MP: 4/4
  1506 | D:2      | Noticed Sigmund
  1529 | D:2      | HP: 1/37 [something (7)]
  1533 | D:2      | Slain by Sigmund

Levels and vault maps discovered:
D:1:      sevenhm_arrival_forest_fort_small_6, layout_rooms, minmay_lizard_king
D:2:      cheibrodos_helix_gallery, layout_basic, bloody_makhleb, uniq_sigmund,
          uniq_crazy_yiuf_cottage, uniq_jessica

Skill      XL: |  1  2  3 |
---------------+----------+-----
Axes           | 2 3 |  3.2
Fighting       | |  3.8
Armour         | |  2.4
Shields        | |  2.4

Action                   |  1- 3 |  4- 6 || total
-------------------------+-------+-------++-------
Melee: War axe           |   135 |    25 ||   160
Armor: Scale mail        |    79 |     9 ||    88
Dodge: Dodged            |    68 |     3 ||    71
Block: Shield            |    76 |     5 ||    81

Table legend:
 A = Non-vault XP
 B = Vault XP
 C = Vault XP percentage of total XP
 D = Non-vault monster count
 E = Vault monster count
 F = Vault count percentage of total count
                 A         B        C        D         E       F
            +---------+---------+-------+---------+---------+-------
      Total |      81 |      50 |  38.2 |      32 |      11 |  25.6
            +---------+---------+-------+---------+---------+-------
        D:1 |      34 |      10 |  22.7 |      17 |       8 |  32.0
        D:2 |      47 |      40 |  46.0 |      15 |       3 |  16.7
            +---------+---------+-------+---------+---------+-------
